 Dungeon Crawl Stone Soup version 0.24-a0-244-ga6a6ab7 (webtiles) character file.

Game seed: 8157268726389207915

97 Ijustatesigmund the Chopper (level 4, -1/33 HPs)
             Began as an Octopode Fighter on Apr 10, 2019.
             Slain by a worker ant (6 damage)
             ... on level 4 of the Dungeon.
             The game lasted 00:03:44 (1856 turns).

Ijustatesigmund the Chopper (Octopode Fighter)      Turns: 1856, Time: 00:03:44

Health: -1/33      AC:  1    Str: 15    XL:     4   Next: 68%
Magic:  4/4        EV: 17    Int: 10    God:
Gold:   98         SH: 12    Dex: 17    Spells: 3/3 levels left

rFire    . . .     SeeInvis .   a - +1 war axe
rCold    . . .     Gourm    .   b - +3 shield
rNeg     . . .     Faith    .   (helmet restricted)
rPois    .         Spirit   .   j - amulet of inaccuracy (curse)
rElec    .         Reflect  .   e - ring of teleportation (curse)
rCorr    .         Harm     .   h - ring of stealth
MR       .....     Rnd*Tele +   (no ring)
Stlth    +++++.....             (no ring)
HPRegen  0.11/turn              (no ring)
MPRegen  0.09/turn              (no ring)
                                (no ring)
                                (no ring)

@: agile
A: almost no armour, stealthy swim, amphibious, 8 rings, constrict 8, camouflage
1, gelatinous body 1
a: no special abilities


You were on level 4 of the Dungeon.
You were not hungry.

You visited 1 branch of the dungeon, and saw 4 of its levels.

You collected 98 gold pieces.

Inventory:

Hand Weapons
 a - a +1 war axe (weapon)
Armour
 b - a +3 shield (worn)
Jewellery
 e - a cursed ring of teleportation (left tentacle)
 h - a ring of stealth (right tentacle)
 j - a cursed amulet of inaccuracy (around mantle)
Scrolls
 g - a scroll of amnesia
Comestibles
 c - 2 chunks of flesh
 d - a ration


   Skills:
 + Level 3.8 Fighting
 * Level 4.0 Axes
 - Level 3.0 Dodging
 - Level 3.0 Shields


You had 3 spell levels left.
You didn't know any spells.
Your spell library contained the following spells:

 Spells                   Type           Power        Failure   Level  Hunger
 Confusing Touch          Hex            #.....       87%         1    ##.....
 Confuse                  Hex            #.......     99%         3    ####...
 Gell's Gravitas          Tloc           #.........   99%         3    ####...
 Petrify                  Tmut/Erth      #.......     100%        4    #####..
 Metabolic Englaciation   Hex/Ice        #.........   100%        5    ######.
 Yara's Violent Unravell  Hex/Tmut       #.........   100%        5    ######.


Dungeon Overview and Level Annotations

Branches:
Dungeon (4/15)
 Temple: D:4-7

Altars:
Gozag
Trog
Wu Jian


Innate Abilities, Weirdness & Mutations

You cannot wear most types of armour.
You are very stealthy in the water. (Stealth+)
You are amphibious.
You can wear up to eight rings at the same time.
You can use your tentacles to constrict eight enemies at once.
Your skin changes colour to match your surroundings (Stealth+).
Your rubbery body absorbs attacks. (AC +1, EV +1)


Message History

There is an entrance to a sewer on this level.
Hurry and find it before the portal rusts away!
There is a stone staircase leading up here.
You feel sick.
Found a stone staircase leading up.
You feel sick.
You feel sick.
You are no longer poisoned.
Your extra speed is starting to run out.
Some of the chunks of flesh in your inventory have rotted away.
You feel yourself slow down.
You feel strangely unstable.
You are suddenly yanked towards a nearby monster!
Your surroundings suddenly seem different.
A worker ant comes into view.
The helpless worker ant fails to defend itself.
You hit the worker ant but do no damage.
You grab the worker ant.
You constrict the worker ant, but do no damage.
The worker ant bites you.
You die...

#........
#........
#........
#........
#........
#........
#a.......
#@.......
#...###..
#......
#........
#........
#........
#........
#...#
#........
#...#


You could see a worker ant.

Vanquished Creatures
  2 adders (D:3)
  A gnoll (D:3)
  3 oozes
  8 orcs (D:3)
  2 ball pythons
  4 giant cockroaches (D:1)
  2 goblins
  3 hobgoblins
  2 jackals (D:3)
  3 kobolds (D:1)
  6 bats
  4 frilled lizards
  8 rats
48 creatures vanquished.

Notes
Turn   | Place    | Note
-------+----------+-------------------------------------------
     0 | D:1      | Ijustatesigmund the Octopode Fighter began the quest for
                  | the Orb.
     0 | D:1      | Reached XP level 1. HP: 16/16 MP: 1/1
    75 | D:1      | Reached XP level 2. HP: 6/21 MP: 2/2
   374 | D:1      | Reached skill level 3 in Axes
   410 | D:1      | Reached XP level 3. HP: 21/26 MP: 3/3
  1278 | D:3      | Found an ornate altar of the Wu Jian Council.
  1293 | D:3      | Reached XP level 4. HP: 22/32 MP: 4/4
  1468 | D:3      | Found an opulent altar of Gozag.
  1715 | D:3      | Found a bloodstained altar of Trog.
  1796 | D:3      | Reached skill level 4 in Axes
  1856 | D:4      | Slain by a worker ant

Levels and vault maps discovered:
D:1:      zaba_arrival_water, layout_rooms
D:2:      layout_basic
D:3:      layout_basic, lemuel_crystal_altar, old_standard_altar,
          grunt_gozag_breadcrumbs
D:4:      layout_basic, portal_sewer_entry_e, first_ration, minmay_manual_mess

Skill      XL: |  1  2  3  4 |
---------------+-------------+-----
Axes           | 3 4 |  4.0
Fighting       | |  3.8
Dodging        | |  3.0
Shields        | |  3.0

Action                   |  1- 3 |  4- 6 || total
-------------------------+-------+-------++-------
Melee: War axe           |    66 |    22 ||    88
       Constrict         |    15 |     8 ||    23
       Tentacles         |    11 |     3 ||    14
  Use: Scroll            |     7 |     1 ||     8
       Potion            |     1 |     2 ||     3
 Stab: Sleeping          |     3 |     3 ||     6
  Eat: Ration            |     1 |       ||     1
Armor: Skin              |     7 |       ||     7
Dodge: Dodged            |    25 |    11 ||    36
Block: Shield            |    31 |    15 ||    46

Table legend:
 A = Non-vault XP
 B = Vault XP
 C = Vault XP percentage of total XP
 D = Non-vault monster count
 E = Vault monster count
 F = Vault count percentage of total count
                 A         B        C        D         E       F
            +---------+---------+-------+---------+---------+-------
      Total |     139 |       0 |   0.0 |      48 |       0 |   0.0
            +---------+---------+-------+---------+---------+-------
        D:1 |      49 |       0 |   0.0 |      25 |       0 |   0.0
        D:2 |       4 |       0 |   0.0 |       3 |       0 |   0.0
        D:3 |      86 |       0 |   0.0 |      20 |       0 |   0.0
            +---------+---------+-------+---------+---------+-------
